 Dungeon Crawl Stone Soup version 0.27.1 (webtiles) character file.

Game seed: 17627338290814434893

60 promet the Magician (level 4, -2/32 HPs)
             Began as a Djinni Fire Elementalist on Sept 3, 2021.
             Killed from afar by Sigmund (4 damage)
             ... with a magic dart
             ... on level 2 of the Dungeon.
             The game lasted 00:11:01 (1798 turns).

promet the Magician (Djinni Fire Elementalist)      Turns: 1798, Time: 00:11:02

Health: -2/32      AC:  3    Str:  7    XL:     4   Next: 24%
Gold:   69         EV: 12    Int: 17    God:
                   SH:  0    Dex: 14

rFire    + + .     SeeInvis .   a - +1 short sword (venom)
rCold    x . .     Faith    .   (no shield)
rNeg     . . .     Spirit   .   d - +0 robe
rPois    ∞         Reflect  .   g - +0 helmet
rElec    .         Harm     .   (no cloak)
rCorr    .         Rampage  .   (no gloves)
Will     .....                  (boots unavailable)
Stlth    ++........             (no amulet)
HPRegen  0.10/turn              (no ring)
MPRegen  0.00/turn              (no ring)

@: flying
A: sickness immunity, fire resistance 2, cold vulnerability 1, float, innate
caster, hp casting, extra vitality 1
a: no special abilities


You were on level 2 of the Dungeon.
You visited 1 branch of the dungeon, and saw 2 of its levels.

You collected 69 gold pieces.

Inventory:

Hand Weapons
 a - a +1 short sword of venom (weapon)
 f - a +0 dagger
 h - a +3 dagger
Missiles
 c - 84 stones
 e - 17 sling bullets
Armour
 d - a +0 robe (worn)
 g - a +0 helmet (worn)
Scrolls
 i - a scroll of magic mapping
 j - a scroll of identify {unknown}
Potions
 b - a potion of haste {unknown}


   Skills:
 * Level 1.1 Fighting
 + Level 2.4 Dodging
 + Level 1.8 Stealth
 + Level 3.3 Spellcasting


You couldn't memorise any spells.
You knew the following spells:

 Your Spells              Type           Power      Damage    Failure   Level
a - Foxfire               Conj/Fire      56%        2x1d6     4%          1
b - Conjure Flame         Conj/Fire      14%        6-21      13%         3
c - Inner Flame           Hex/Fire       14%        N/A       13%         3
d - Sticky Flame          Conj/Fire      14%        2d4       38%         4
e - Fireball              Conj/Fire      7%         3d5       75%         5
f - Freeze                Ice            56%        1d7       4%          1
Your spell library was empty.

Dungeon Overview and Level Annotations

Branches:
Dungeon (2/15)

Altars:

Annotations:
D:2 Sigmund


Innate Abilities, Weirdness & Mutations

You are immune to sickness and miasma.
You are immune to poison.
Your flesh is very heat resistant. (rF++)
You are vulnerable to cold. (rC-)
You float through the air rather than walking.
You learn spells naturally, not from books.
Your magical power is your life essence.
You have superior vitality. (+4 HP)


Message History

Sigmund is moderately wounded.
The foxfire hits Sigmund.
Sigmund is moderately wounded.
Casting: Foxfire (safe; 4% risk of failure)
Confirm with . or Enter, or press ? or * to list all spells.
You miscast Foxfire.
You are very lightly contaminated with residual magic.
Nothing appears to happen.
Casting: Foxfire (safe; 4% risk of failure)
Confirm with . or Enter, or press ? or * to list all spells.
You conjure some foxfire!
The foxfire hits Sigmund.
Sigmund is moderately wounded.
The foxfire hits Sigmund.
Sigmund is heavily wounded.
Sigmund points at you and mumbles some strange words.
The magic dart hits you!
Casting: Foxfire (safe; 4% risk of failure)
Confirm with . or Enter, or press ? or * to list all spells.
You conjure some foxfire!
Sigmund hits you from afar with a +0 scythe.
The foxfire hits Sigmund.
Sigmund is heavily wounded.
The foxfire hits Sigmund.
Sigmund is severely wounded.
Casting: Foxfire (safe; 4% risk of failure)
Confirm with . or Enter, or press ? or * to list all spells.
You conjure some foxfire!
Sigmund hits you but does no damage.
The foxfire hits Sigmund.
Sigmund is severely wounded.
The foxfire hits Sigmund.
Sigmund is almost dead.
Sigmund hits you from afar with a +0 scythe!
* * * LOW HITPOINT WARNING * * *
Your magical contamination has completely faded away.
You closely miss Sigmund.
Sigmund is almost dead.
Sigmund points at you and mumbles some strange words.
The magic dart hits you.
You die...

#.#####..##...###.#
#.##.........>.##.#
#.........#.......#
#.##.##........##.#
#.................#####
#.##.######.##........#
#.#.........#####.###.#
#.....#####.#####.#.._#
###...# #....@@.#.###
##.## ...>.#####.# #.#
..... #.# ##.# .....
#.# #..# #.## #.## #..#
#.# ######### ##.# #.#
#.......# #.#
###)####.......# #.#


You could see Sigmund.

Vanquished Creatures
  2 adders (D:2)
  2 dart slugs (D:1)
  3 ball pythons
  4 bats
  3 endoplasms
  A giant cockroach (D:1)
  A goblin (D:2)
  4 hobgoblins
  4 jackals (D:1)
  A quokka (D:2)
  3 frilled lizards
  3 kobolds
  6 rats (D:1)
37 creatures vanquished.

Vanquished Creatures (others)
  87 foxfires
87 creatures vanquished.

Grand Total: 124 creatures vanquished

Notes
Turn   | Place    | Note
-------+----------+-------------------------------------------
     0 | D:1      | promet the Djinni Fire Elementalist began the quest for the
                  | Orb.
     0 | D:1      | Reached XP level 1. HP: 15/15 MP: 0/0
   131 | D:1      | Reached XP level 2. HP: 17/21 MP: 0/0
   643 | D:1      | Reached XP level 3. HP: 22/26 MP: 0/0
   643 | D:1      | Learned a level 1 spell: Freeze
   658 | D:1      | Reached skill level 3 in Spellcasting
  1589 | D:2      | Reached skill level 1 in Fighting
  1589 | D:2      | Reached XP level 4. HP: 30/32 MP: 0/0
  1774 | D:2      | Found a faded altar of an unknown god.
  1784 | D:2      | Noticed Sigmund
  1798 | D:2      | Killed from afar by Sigmund

Illustrated notes

Levels and vault maps discovered:
D:1:      tarquinn_simple_flora_water_f, layout_basic,
          minmay_stone_trees_medium, st_stairs_1, minmay_indecisive_spiral
D:2:      layout_loops_cross, basic_ecumenical_altar, st_stairs_13,
          grunt_ministairs_11, uniq_sigmund

Skill      XL: |  1  2  3 |
---------------+----------+-----
Spellcasting   | 3 |  3.3
Fighting       | 1 |  1.1
Dodging        | |  2.4
Stealth        | |  1.8

Action                   |  1- 3 |  4- 6 || total
-------------------------+-------+-------++-------
Melee: Unarmed           |     2 |       ||     2
       Short sword       |     6 |     6 ||    12
 Cast: Foxfire           |    47 |    12 ||    59
  Use: Scroll            |     2 |       ||     2
 Stab: Sleeping          |     1 |       ||     1
Armor: Robe              |     5 |     3 ||     8
Dodge: Dodged            |    14 |     2 ||    16
